 Dungeon Crawl Stone Soup version 0.23-a0-417-gf02c810438 (webtiles) character file.

18 LostNumber the Caller (level 2, -12/20 HPs)
             Began as a Mummy Summoner on Nov 11, 2018.
             Mangled by Sigmund
             ... wielding a +0 scythe
              (13 damage)
             ... on level 2 of the Dungeon.
             The game lasted 00:01:55 (1980 turns).

LostNumber the Caller (Mummy Summoner)              Turns: 1980, Time: 00:01:56

Health: -12/20     AC:  2    Str: 11    XL:     2   Next: 51%
Magic:  1/6        EV: 12    Int: 14    God:
Gold:   5          SH:  0    Dex: 12    Spells: 4/7 levels left

rFire    x . .     SeeInvis .   c - +0 dagger
rCold    + . .     Gourm    .   (no shield)
rNeg     + + +     Faith    .   a - +0 robe
rPois    ∞         Spirit   .   (no helmet)
rElec    .         Reflect  .   (no cloak)
rCorr    .         Harm     .   (no gloves)
MR       .....                  (no boots)
Stlth    ++........             (no amulet)
HPRegen  0.06/turn              (no ring)
MPRegen  0.10/turn              (no ring)

@: no status effects
A: no food or potions, fire vulnerability, cold resistance 1, negative energy
resistance 3, torment resistance, unbreathing
a: no special abilities


You were on level 2 of the Dungeon.
You were not hungry.

You visited 1 branch of the dungeon, and saw 2 of its levels.

You collected 5 gold pieces.

Inventory:

Hand Weapons
 c - a +0 dagger (weapon)
Armour
 a - a +0 robe (worn)
Jewellery
 b - a +4 ring of protection {unknown}
 d - an uncursed ring of ice {unknown}
 e - a cursed -4 ring of evasion {unknown}


   Skills:
 + Level 0.8 Fighting
 - Level 1.5 Dodging
 - Level 1.5 Stealth
 + Level 3.0 Spellcasting
 * Level 3.6 Summonings


You had 4 spell levels left.
You knew the following spells:

 Your Spells              Type           Power        Failure   Level  Hunger
a - Summon Small Mammal   Summ           ##..         4%          1    N/A
b - Call Imp              Summ           ##......     8%          2    N/A

Your spell library contained the following spells:

 Spells                   Type           Power        Failure   Level  Hunger
 Call Canine Familiar     Summ           ##......     14%         3    N/A
 Summon Guardian Golem    Hex/Summ       #.......     30%         3    N/A
 Summon Ice Beast         Ice/Summ       #.......     69%         4    N/A
 Summon Lightning Spire   Summ/Air       #.......     69%         4    N/A

Dungeon Overview and Level Annotations

Branches:
Dungeon (2/15)

Altars:

Annotations:
D:2 Sigmund


Innate Abilities, Weirdness & Mutations

You do not eat or drink.
Your flesh is vulnerable to fire.
You are immune to poison.
Your flesh is cold resistant. (rC+)
You are immune to negative energy. (rN+++)
You are immune to unholy pain and torment.
You can survive without breathing.


Message History

Press: ? - help, Dir - move target cursor, f/p - Sigmund
Aim: Sigmund, wielding a +0 scythe and wearing a +0 robe (unusually strong) Attack!
Your white imp misses Sigmund.
Sigmund hits your white imp with a +0 scythe!!
Your white imp dies!
Your shadow imp hits Sigmund.
Unknown command.
Your shadow imp barely misses Sigmund.
Sigmund mumbles some strange words.
Sigmund flickers and vanishes!
Deactivating autopickup; reactivate with Ctrl-A.
Something hits you!!
Ouch! That really hurt!
* * * LOW HITPOINT WARNING * * *
Your shadow imp hits something.
Something hits you but does no damage.
Your shadow imp closely misses something.
Something hits you!
Ouch! That really hurt!
You die...

........##..##..#
######..........#######
##.#.#.###.......#
#.#.#.#.######.##
#.#.#.#....#...#
#.#.#.#.##.#.###
#.#.#.#.5{.#.#
#.#...#....#.#
#.###.....@#.#
#............#
........#.####
........<....#
.......#).#.##
..#.......#.#
.##.#....# # .........#
....#....########


You could see a friendly shadow imp.

Vanquished Creatures
  2 hobgoblins
  2 bats
  A frilled lizard (D:1)
  2 goblins
  4 kobolds
  2 rats
13 creatures vanquished.

Vanquished Creatures (collateral kills)
  An adder (D:2)
  A dart slug (D:1)
  A goblin (D:1)
  A kobold (D:1)
  2 rats
6 creatures vanquished.

Grand Total: 19 creatures vanquished

Notes
Turn   | Place    | Note
-------+----------+-------------------------------------------
     0 | D:1      | LostNumber the Mummy Summoner began the quest for the Orb.
     0 | D:1      | Reached XP level 1. HP: 13/13 MP: 4/4
  1088 | D:1      | Reached XP level 2. HP: 14/20 MP: 5/5
  1092 | D:1      | Learned a level 2 spell: Call Imp
  1445 | D:2      | Noticed Sigmund
  1977 | D:2      | HP: 1/20 [something (19)]
  1980 | D:2      | Mangled by Sigmund

Vault maps used:
D:1:      eino_arrival_cavern_b, minmay_statues_item
D:2:      grunt_dithmenos_smoke, uniq_natasha, uniq_sigmund

Skill      XL: |  1  2 |
---------------+-------+-----
Spellcasting   | 3 |  3.0
Fighting       | |  0.8
Dodging        | |  1.5
Stealth        | |  1.5
Summonings     | |  3.6

Action                   || total
-------------------------++-------
Melee: Unarmed           ||    21
       Dagger            ||    34
 Cast: Summon Small Mamm ||    14
       Call Imp          ||    11
Armor: Robe              ||    19
Dodge: Dodged            ||    52

Table legend:
 A = Non-vault XP
 B = Vault XP
 C = Vault XP percentage of total XP
 D = Non-vault monster count
 E = Vault monster count
 F = Vault count percentage of total count
                 A         B        C        D         E       F
            +---------+---------+-------+---------+---------+-------
      Total |      27 |       0 |   0.0 |      19 |       0 |   0.0
            +---------+---------+-------+---------+---------+-------
        D:1 |      13 |       0 |   0.0 |      12 |       0 |   0.0
        D:2 |      14 |       0 |   0.0 |       7 |       0 |   0.0
            +---------+---------+-------+---------+---------+-------
